Map: Central Protocol

Players

Busker - Winner!

  • Race: Zerg Zerg
  • League: Master

Miszu

  • Race: Terran Terran
  • League: Master

VOD

Have the link to the VOD?

Description

Time

  • Played on: March 15, 2016, 4:53 p.m.
  • Length: 6:16
Show
View Real Time Build Order
Export as new Build Order

Busker Zerg - Winner!

Build Orders: Hatch First 

Get SALT Encoding   

  12  0:01  Drone  
  13  0:12  Overlord  
  13  0:16  Drone  
  14  0:30  Drone  
  14  0:31  Drone  
  14  0:34  Drone  
  17  0:53  Hatchery  
  17  0:56  Drone  
  17  0:58  Drone  
  18  1:10  Extractor  
  17  1:13  Spawning Pool  
  17  1:16  Drone  
  17  1:19  Drone  
  18  1:28  Drone  
  19  1:41  Overlord  
  19  1:51  Drone  
  20  2:00  Queen  
  22  2:01  Zergling x2  
  22  2:04  Queen  
  22  2:05  Zergling x2  
  26  2:12  Metabolic Boost, Drone  
  27  2:17  Drone  
  27  2:22  Drone  
  29  2:26  Overlord  
  29  2:32  Drone  
  29  2:36  Drone  
  31  2:43  Drone  
  32  2:49  Hatchery  
  31  2:54  Drone x2  
  33  3:00  Spore Crawler  
  32  3:11  Overlord  
  32  3:14  Drone  
  32  3:15  Drone x7  
  39  3:21  Extractor  
  39  3:25  Overlord  
  38  3:31  Roach Warren  
  38  3:33  Overlord  
  37  3:34  Overlord  
  37  3:46  Queen  
  39  4:11  Roach  
  39  4:12  Roach x9  
  59  4:18  Zergling x8  
  59  4:20  Zergling x2  
  64  4:25  Overlord  
  64  4:26  Zergling x2  
  64  4:30  Zergling x4  
  67  4:40  Zergling x8  
  67  4:43  Overlord  
  71  4:50  Overlord  
  71  4:59  Ravager x3  
  74  5:02  Zergling x10  
  74  5:03  Zergling x4  
  74  5:04  Ravager  
  82  5:08  Overlord  
  73  5:26  Zergling x2  
  73  5:27  Zergling x12  
  73  5:40  Zergling x6  
  72  5:50  Zergling x4  
  73  5:59  Zergling x4  
Show
View Real Time Build Order
Export as new Build Order

Miszu Terran 

Build Orders: Liberator Opening, Reaper Expand 

Get SALT Encoding   

  12  0:01  SCV  
  13  0:13  SCV  
  14  0:17  Supply Depot  
  14  0:25  SCV  
  15  0:39  SCV  
  15  0:40  Barracks  
  16  0:44  Refinery  
  16  0:51  SCV  
  17  1:03  SCV  
  18  1:15  SCV  
  19  1:27  Orbital Command  
  19  1:28  Reaper  
  20  1:41  Command Center  
  20  1:53  SCV  
  21  1:57  Supply Depot  
  21  2:01  Barracks Reactor  
  21  2:05  SCV  
  21  2:06  Refinery  
  22  2:17  SCV  
  22  2:20  Factory  
  23  2:27  Bunker  
  23  2:29  SCV  
  24  2:37  Marine x2  
  24  2:41  SCV  
  27  2:53  SCV  
  27  2:55  Marine x2  
  30  3:02  SCV  
  31  3:05  SCV  
  31  3:07  Starport  
  31  3:12  Marine  
  31  3:13  Marine  
  31  3:14  SCV  
  31  3:17  SCV  
  31  3:18  Factory Tech Lab  
  35  3:26  Liberator  
  35  3:27  Orbital Command  
  35  3:30  SCV  
  36  3:42  SCV  
  40  3:54  SCV  
  41  3:56  SCV  
  41  3:57  Command Center  
  41  4:01  Siege Tank  
  45  4:08  Supply Depot  
  45  4:09  SCV  
  46  4:13  Liberator  
  46  4:19  Barracks  
  46  4:21  Barracks  
  46  4:30  SCV x2  
  51  4:31  Marine  
  51  4:35  Supply Depot  
  53  4:42  SCV x2  
  53  4:43  Refinery x2  
  54  4:46  Engineering Bay  
  54  4:48  Engineering Bay  
  54  4:57  Barracks, SCV  
  55  5:00  SCV  
  55  5:01  Barracks  
  56  5:09  SCV, Orbital Command  
  56  5:12  SCV  
  58  5:14  Starport Reactor  
  58  5:18  Barracks Tech Lab x2  
  49  5:31  Marine x2  
  49  5:35  Siege Tank  
  48  5:39  Marine x2  
  50  5:48  Marine  
  50  5:49  Marine x2  
  53  5:50  Marine  
  53  5:56  Marine x2  
Tags
 
Add a new tag
Caveats
  • Supply blocks, unpowered buildings, or Contaminate may cause inaccurate times.
  • Supply counts are checked every 10 seconds.